 Dungeon Crawl Stone Soup version 0.30-a0-605-gb2882149bf (webtiles) character file.

Game seed: 13085640750511910835

47048 drugrobin the Brawler (level 13, -3/107 HPs)
             Began as a Demigod Delver on Jan 7, 2023.
             Slain by a six-headed hydra (7 damage)
             ... on level 3 of the Lair of Beasts.
             The game lasted 01:34:04 (24312 turns).

drugrobin the Brawler (Demigod Delver)             Turns: 24312, Time: 01:34:04

Health: -3/107     AC:  7    Str: 21    XL:     13   Next: 69%
Magic:  16/16      EV: 17    Int: 16    God:
Gold:   2205       SH:  4    Dex: 22    Spells: 0/12 levels left

rFire   . . .      SeeInvis .      - Unarmed
rCold   . . .      Faith    .    E - +0 buckler
rNeg    . . .      Spirit   .    V - +1 troll leather armour
rPois   +          Reflect  .    (no helmet)
rElec   .          Harm     .    a - +0 cloak
rCorr   .          Rampage  .    s - +0 pair of fencer's gloves {Riposte Dex+3}
Will    +....                    (no boots)
Stlth   +++                      (no amulet)
HPRegen 1.17/turn                Y - ring of poison resistance
MPRegen 0.15/turn                M - +4 ring of slaying

@: no status effects
A: high MP 1, forlorn, divine attributes
a: no special abilities


You were on level 3 of the Lair of Beasts.
You visited 3 branches of the dungeon, and saw 17 of its levels.
You also visited: Bailey and Gauntlet.

You collected 2205 gold pieces.

Inventory:

Hand Weapons
 b - a +0 sling
 c - a +1 dagger of venom
 P - a +0 war axe of flaming
 Q - the +7 longbow "Beetleslayer" {heavy, rPois MP+9}
   (You found it on level 5 of the Lair of Beasts)

   rPois:     It protects you from poison.
   MP:        It affects your magic capacity (+9).
 S - the +10 trident of Innocence {protect, rC+ rN+ rCorr Dex+2}
   (You took it off a minotaur in a Gauntlet)

   Dex:       It affects your dexterity (+2).
   rC:        It protects you from cold.
   rN:        It protects you from negative energy.
   rCorr:     It protects you from acid and corrosion.
 U - the +5 hand axe "Hellblazer" {protect, rPois SInv}
   (You found it in a Gauntlet)

   rPois:     It protects you from poison.
   SInv:      It lets you see invisible.
Missiles
 y - 4 boomerangs (quivered)
 K - 32 poisoned darts
 T - 7 javelins
Armour
 a - a +0 cloak (worn)
 s - the +0 pair of fencer's gloves (worn) {Riposte Dex+3}
   (You found it in a Gauntlet)

   It allows the wearer to riposte with melee weapons, swiftly retaliating
   against missed or blocked melee attacks.
   Dex:       It affects your dexterity (+3).
 v - the +1 leather armour "Tunli" {rElec Will++}
   (You found it in a Gauntlet)

   rElec:     It insulates you from electricity.
   Will:      It greatly increases your willpower.
 E - a +0 buckler (worn)
 H - +0 fire dragon scales
 V - a +1 troll leather armour (worn)
Magical Staves
 N - a staff of conjuration
Jewellery
 g - a ring of willpower
 C - a ring of resist corrosion
 M - a +4 ring of slaying (right hand)
 Y - a ring of poison resistance (left hand)
 Z - a +6 ring of dexterity
Wands
 e - a wand of flame (16)
 f - a wand of digging (1)
 x - a wand of roots (6)
 L - a wand of polymorph (17)
 R - a wand of paralysis (4)
Scrolls
 d - 2 scrolls of fear
 p - 5 scrolls of immolation {unknown}
 r - 6 scrolls of teleportation
 t - 6 scrolls of fog
 z - 6 scrolls of poison
 D - 5 scrolls of vulnerability
 F - a scroll of blinking
 G - 2 scrolls of magic mapping
 I - a scroll of summoning
 O - 2 scrolls of noise {unknown}
Potions
 h - 2 potions of flight
 k - 2 potions of attraction {unknown}
 l - 8 potions of curing
 n - 2 potions of ambrosia {unknown}
 o - 2 potions of cancellation {unknown}
 q - a potion of heal wounds
 u - 2 potions of invisibility {unknown}
 w - 3 potions of magic {unknown}
 A - 3 potions of might
 B - a potion of haste
 J - 2 potions of degeneration {unknown}
 W - 2 potions of resistance {unknown}
Miscellaneous
 j - a box of beasts (inert)
 m - a piece from Xom's chessboard (15/15)


   Skills:
 + Level 8.2 Fighting
 - Level 8.0 Dodging
 - Level 4.5 Stealth
 + Level 18.8 Unarmed Combat
 - Level 1.1 Translocations
 + Level 3.6 Transmutations
 - Level 4.0 Evocations


You couldn't memorise any spells.
You knew the following spells:

 Your Spells              Type           Power      Damage    Failure   Level
a - Blink                 Tloc           6%         N/A       36%         2
b - Dragon Form           Tmut           5%         N/A       100%        7
c - Spider Form           Tmut/Pois      5%         N/A       50%         3

Your spell library contained the following spells:

 Spells                   Type           Power      Damage    Failure   Level
 Magic Dart               Conj           0%         1d3       38%         1
 Momentum Strike          Conj/Tloc      2%         3d8       45%         2
 Cigotuvi's Dreadful Rot  Necr/Pois/Air  0%         N/A       52%         2
 Ensorcelled Hibernation  Hex/Ice        0%         N/A       52%         2
 Searing Ray              Conj           0%         2d4       52%         2
 Lesser Beckoning         Tloc           6%         N/A       61%         3
 Dazzling Flash           Conj/Hex       0%         N/A       77%         3
 Inner Flame              Hex/Fire       0%         N/A       77%         3
 Ozocubu's Armour         Ice            0%         N/A       77%         3
 Stone Arrow              Conj/Erth      0%         3d7       77%         3
 Iskenderun's Mystic Bla  Conj/Tloc      1%         2d3       97%         4
 Airstrike                Air            0%         2d(0-16)  99%         4
 Anguish                  Hex/Necr       0%         N/A       99%         4
 Animate Dead             Necr           0%         N/A       99%         4
 Cause Fear               Hex            0%         N/A       99%         4
 Flame Wave               Conj/Fire      0%         2d4       99%         4
 Fulminant Prism          Conj/Hex       0%         3d5       99%         4
 Sticky Flame             Conj/Fire      0%         2d3       99%         4
 Summon Lightning Spire   Summ/Air       0%         N/A       99%         4
 Alistair's Intoxication  Tmut/Pois      3%         N/A       99%         5
 Borgnjor's Vile Clutch   Necr/Erth      0%         N/A       100%        5
 Lightning Bolt           Conj/Air       0%         1d11      100%        5
 Silence                  Hex/Air        0%         N/A       100%        5
 Death Channel            Necr           0%         N/A       100%        6
 Starburst                Conj/Fire      0%         6d3       100%        6
 Enfeeble                 Hex            0%         N/A       100%        7
 Ozocubu's Refrigeration  Ice            0%         4d7       100%        7
 Dragon's Call            Summ           0%         N/A       100%        9


Dungeon Overview and Level Annotations

Branches:
Dungeon (11/15)            Temple (1/1) D:7            Lair (5/5) D:11
  Swamp (0/4) Lair:2       Spider (0/4) Lair:3        Slime (0/5) Lair:4
    Orc (0/2) D:9          Bailey (visited)         Gauntlet (visited)

Annotations:
D:4 Menkaure
D:8 1 runed translucent door, Newt's ghost, novice DsGl
D:10 exclusion: downstairs
Lair:3 exclusions: downstairs, redback and 1 more exclusion


Innate Abilities, Weirdness & Mutations

You have an increased reservoir of magic. (+10% MP)
You shall have no god before yourself.
Your divine heritage dramatically boosts your attributes as you level up.


Message History

You throw a boomerang.
The boomerang hits the six-headed hydra!
The six-headed hydra is moderately wounded.
The six-headed hydra bites you. The six-headed hydra bites you!
The six-headed hydra bites you.
The six-headed hydra closely misses you.
The six-headed hydra bites you.
The six-headed hydra completely misses you.
Unknown command.
You punch the six-headed hydra!
The six-headed hydra is moderately wounded.
The six-headed hydra bites you but does no damage.
The six-headed hydra bites you! x5
You punch the six-headed hydra!
The six-headed hydra is heavily wounded.
Unknown command.
Unknown command.
You barely miss the six-headed hydra.
The six-headed hydra is heavily wounded.
The six-headed hydra bites you! The six-headed hydra bites you. x2
* * * LOW HITPOINT WARNING * * *
The six-headed hydra barely misses you. The six-headed hydra misses you.
The six-headed hydra bites you.
* * * LOW HITPOINT WARNING * * *
Unknown command.
Unknown command.
Unknown command.
Unknown command.
You hit the six-headed hydra.
The six-headed hydra is heavily wounded.
The six-headed hydra bites you!
* * * LOW HITPOINT WARNING * * *
The six-headed hydra barely misses you. The six-headed hydra bites you.
* * * LOW HITPOINT WARNING * * *
The six-headed hydra bites you!
* * * LOW HITPOINT WARNING * * *
The six-headed hydra bites you.
* * * LOW HITPOINT WARNING * * *
The six-headed hydra bites you!
You die...

######### ## #.......#
..###...... ##.......#
#..#....... #.#......#####
#####..........
####.......#.#.##.##............
#..............##.##............
...............D@..##............
.................................
.................................
.................................
.................................
.............................(...
......##.............P...........
...##^#...........##...........
^^##....#....##.#..........


You could see a six-headed hydra.

Vanquished Creatures
  A quicksilver ooze (Gauntlet)
  A minotaur (Gauntlet)
  A fire dragon (Lair:5)
  5 hydras
  2 vault guards (Bailey)
  2 boulder beetles
  3 death yaks (Lair:4)
  A hell hog (Gauntlet)
  Nergalle (D:11)
  Amaemon (Lair:1)
  A swamp dragon (Lair:5)
  2 manticores (Lair:5)
  An oklob plant (Lair:2)
  An orange demon (Lair:1)
  5 cane toads
  7 black mambas
  Psyche (D:9)
  An unseen horror (D:11)
  14 komodo dragons
  7 rime drakes
  4 trolls
  7 polar bears
  2 hornets
  Prince Ribbit (D:5)
  6 blink frogs
  2 dream sheep (Lair:5)
  Grinder (D:4)
  2 slime creatures (D:8)
  A shadow (D:7)
  4 wraiths (D:10)
  7 wyverns
  34 yaks
  7 basilisks
  3 fire bats
  4 humans (Bailey)
  2 steam dragons
  A redback (Lair:3)
  5 vampire mosquitoes (Lair:2)
  2 acid dragons (Lair:5)
  Edmund (D:6)
  A hell hound (Gauntlet)
  17 water moccasins
  3 swamp drakes (Lair:5)
  A sky beast (D:10)
  5 orc warriors
  5 black bears
  15 wolves
  3 ogres
  8 centaurs
  3 kobold brigands
  2 phantoms
  15 bullfrogs
  2 gnoll sergeants
  5 scorpions
  14 wights
  4 killer bees
  A howler monkey (D:6)
  An electric eel (Lair:3)
  3 hounds
  A gnoll bouda (D:4)
  A jelly (D:5)
  7 orc priests
  An iron imp (D:9)
  Jessica (D:3)
  Terence (D:3)
  8 iguanas
  5 orc wizards
  10 adders
  11 gnolls
  2 shadow imps
  A white imp (D:5)
  An ufetubus (D:6)
  2 dart slugs
  2 worms
  52 orcs
  10 endoplasms
  3 giant cockroaches
  14 goblins
  6 hobgoblins
  2 jackals (D:2)
  2 quokkas
  8 ball pythons
  6 bats
  3 frilled lizards (D:1)
  20 kobolds
  8 rats
450 creatures vanquished.

Vanquished Creatures (collateral kills)
  A catoblepas (Lair:5)
  A lindwurm (Lair:5)
2 creatures vanquished.

Vanquished Creatures (others)
  A deep elf pyromancer (D:9)
  An ugly thing (D:9)
  An orc (D:9)
  25 demonic plants (Gauntlet)
  24 fungi
  59 plants
111 creatures vanquished.

Grand Total: 563 creatures vanquished

Notes
Turn   | Place    | Note
-------+----------+-------------------------------------------
     0 | D:5      | drugrobin the Demigod Delver began the quest for the Orb.
     0 | D:5      | Reached XP level 1. HP: 18/18 MP: 3/3
    66 | D:4      | Reached skill level 2 in Unarmed Combat
   137 | D:4      | Reached XP level 2. HP: 25/25 MP: 4/4
   315 | D:1      | Reached skill level 3 in Unarmed Combat
   777 | D:1      | Reached XP level 3. HP: 30/30 MP: 5/5
  1530 | D:2      | Learned a level 2 spell: Blink
  1622 | D:2      | Reached skill level 4 in Unarmed Combat
  2006 | D:3      | Reached XP level 4. HP: 37/37 MP: 6/6
  2100 | D:3      | Noticed Terence
  2367 | D:4      | Noticed Grinder
  2463 | D:4      | Noticed Menkaure
  3020 | D:3      | Reached skill level 5 in Unarmed Combat
  3020 | D:3      | Reached XP level 5. HP: 41/42 MP: 7/7
  3090 | D:3      | Noticed Jessica
  3307 | D:5      | Noticed a black bear
  3323 | D:5      | Noticed a black bear
  3501 | D:3      | Killed Terence
  3736 | D:5      | Reached skill level 6 in Unarmed Combat
  3736 | D:5      | Reached XP level 6. HP: 11/50 MP: 8/8
  4098 | D:5      | Reached skill level 7 in Unarmed Combat
  4873 | D:5      | Reached XP level 7. HP: 40/56 MP: 9/9
  5516 | D:5      | Noticed Prince Ribbit
  5904 | D:6      | HP: 2/56 [black bear (2)]
  5906 | D:6      | Reached skill level 8 in Unarmed Combat
  6305 | D:6      | Noticed Maggie
  6342 | D:7      | Reached skill level 9 in Unarmed Combat
  6590 | D:7      | Found a staircase to the Ecumenical Temple.
  6596 | Temple   | Entered the Ecumenical Temple
  6888 | D:7      | Noticed a hornet
  6898 | D:7      | Killed a hornet
  6899 | D:7      | Reached XP level 8. HP: 51/62 MP: 10/10
  6948 | D:7      | Reached skill level 10 in Unarmed Combat
  7119 | D:6      | Noticed Edmund
  7131 | D:6      | Killed Edmund
  7725 | D:6      | Reached skill level 11 in Unarmed Combat
  7996 | D:6      | Reached skill level 1 in Evocations
  8240 | D:6      | Reached XP level 9. HP: 15/63 MP: 11/11
  8441 | D:6      | Maggie changed into Maggie the fire bat
  8441 | D:6      | Noticed Maggie
  8451 | D:6      | Killed Maggie the fire bat
  8795 | D:5      | Killed Prince Ribbit
  9173 | D:3      | Killed Jessica
  9340 | D:4      | Paralysed by Grinder for 4 turns
  9349 | D:4      | Killed Grinder
  9567 | D:7      | Reached skill level 12 in Unarmed Combat
  9581 | D:7      | Identified the ring "Narphyrese" {*Corrode rElec rPois
                  | Will+ Dex+2}
 10948 | D:8      | Found a runed translucent door.
 10948 | D:8      | Noticed Newt's ghost (novice DsGl)
 11340 | D:9      | Found a flagged portal.
 11379 | Bailey   | Entered a bailey
 11399 | Bailey   | Reached skill level 13 in Unarmed Combat
 11405 | Bailey   | Reached XP level 10. HP: 64/74 MP: 13/13
 11743 | Bailey   | Noticed a vault guard
 11780 | Bailey   | Killed a vault guard
 12180 | Bailey   | Noticed a vault guard
 12192 | Bailey   | Killed a vault guard
 12193 | Bailey   | Reached skill level 14 in Unarmed Combat
 12758 | D:9      | Noticed a green ugly thing
 12758 | D:9      | Noticed a centaur warrior
 12758 | D:9      | Noticed a fire dragon
 12768 | D:9      | Noticed a centaur warrior
 12769 | D:9      | Noticed a centaur warrior
 12769 | D:9      | Noticed a centaur warrior
 12770 | D:9      | Noticed a deep elf pyromancer
 12914 | D:9      | Killed a green ugly thing
 13223 | D:9      | Killed a deep elf pyromancer
 13408 | D:9      | Noticed Psyche
 13424 | D:9      | Killed Psyche
 13525 | D:10     | Entered Level 10 of the Dungeon
 13773 | D:10     | Noticed Maurice
 14071 | D:9      | Found a staircase to the Orcish Mines.
 14137 | D:8      | Reached skill level 15 in Unarmed Combat
 14137 | D:8      | Reached XP level 11. HP: 71/81 MP: 14/14
 14252 | D:9      | Noticed a harpy
 14252 | D:9      | a harpy changed into a komodo dragon
 14904 | D:10     | Identified the +12 great sword of Yreirren {drain, *Noise
                  | rCorr Int-4 Dex+10}
 15615 | D:11     | Noticed Nergalle
 15903 | D:11     | Noticed a boulder beetle
 16071 | D:10     | Reached skill level 16 in Unarmed Combat
 16138 | D:10     | Noticed Maurice
 16150 | D:10     | Killed Maurice the sky beast
 16459 | D:11     | Found a staircase to the Lair.
 16644 | D:11     | Killed a boulder beetle
 16693 | D:11     | Killed Nergalle
 16876 | Lair:1   | Entered Level 1 of the Lair of Beasts
 17117 | Lair:1   | HP: 4/81 [poisoned by a cane toad]
 17453 | Lair:1   | Noticed Amaemon
 17711 | Lair:1   | Reached skill level 17 in Unarmed Combat
 17794 | Lair:1   | Killed Amaemon
 18508 | Lair:2   | Reached XP level 12. HP: 85/88 MP: 15/15
 18572 | Lair:2   | Noticed a boulder beetle
 18590 | Lair:2   | Killed a boulder beetle
 19057 | Lair:2   | Found a staircase to the Swamp.
 19359 | Lair:3   | Reached skill level 5 in Dodging
 19736 | Lair:3   | Found a hole to the Spider Nest.
 19909 | Lair:3   | Noticed a six-headed hydra
 20455 | Lair:4   | Identified a scroll of acquirement
 20456 | Lair:4   | Acquired 568 gold pieces
 20639 | Lair:4   | Found a gate leading to a gauntlet.
 20668 | Gauntlet | Entered a Gauntlet
 20668 | Gauntlet | Found a transporter.
 20668 | Gauntlet | Found a transporter.
 20668 | Gauntlet | Found a transporter.
 20669 | Gauntlet | Found a transporter.
 20672 | Gauntlet | Found a transporter.
 20682 | Gauntlet | Found a transporter.
 20683 | Gauntlet | Noticed a quicksilver ooze
 20691 | Gauntlet | Found the +0 pair of fencer's gloves {Riposte Dex+3}
 20748 | Gauntlet | Found a transporter.
 20758 | Gauntlet | Found a transporter.
 20773 | Gauntlet | Found a transporter.
 20785 | Gauntlet | Found a transporter.
 20798 | Gauntlet | Found a transporter.
 20804 | Gauntlet | Found a transporter.
 20933 | Gauntlet | Reached skill level 5 in Fighting
 21005 | Gauntlet | Killed a quicksilver ooze
 21069 | Gauntlet | Identified the +1 leather armour "Tunli" {rElec Will++}
 21135 | Gauntlet | Identified the +10 trident of Innocence {protect, rC+ rN+
                  | rCorr Dex+2}
 21135 | Gauntlet | Noticed a minotaur
 21146 | Gauntlet | Killed a minotaur
 21147 | Gauntlet | Reached skill level 18 in Unarmed Combat
 21154 | Gauntlet | Identified the +8 whip of Valiance {flame, Fragile rN+
                  | Will+}
 21154 | Gauntlet | Identified the +5 hand axe "Hellblazer" {protect, rPois
                  | SInv}
 21155 | Gauntlet | Got the Incunable of the Snake
 21185 | Lair:4   | Found a staircase to the Slime Pits.
 21434 | Lair:4   | Noticed a four-headed hydra
 21449 | Lair:3   | Killed a four-headed hydra
 21919 | Lair:5   | Entered Level 5 of the Lair of Beasts
 22218 | Lair:5   | Reached XP level 13. HP: 80/103 MP: 16/16
 22330 | Lair:5   | Identified the +6 falchion of the Skies Above {venom, rPois
                  | rN+ Str+4}
 22464 | Lair:5   | Learned a level 7 spell: Dragon Form
 22568 | Lair:5   | Reached skill level 1 in Translocations
 22722 | Lair:5   | Reached skill level 1 in Transmutations
 22731 | Lair:5   | Identified the +7 longbow "Beetleslayer" {heavy, rPois
                  | MP+9}
 22733 | Lair:5   | Identified the +3 morningstar of Ogoch {drain, Will+ rCorr
                  | Dex-2 SInv}
 24106 | Lair:2   | Got Avomiu's Compendium of Blows and the Curse
 24229 | Lair:3   | Learned a level 3 spell: Spider Form
 24312 | Lair:3   | HP: 4/107 [six-headed hydra (2)]
 24312 | Lair:3   | Slain by a six-headed hydra

Illustrated notes

Levels and vault maps discovered:
D:1:      matt_arrival_debris, layout_loops_corners
D:2:      layout_loops_ring, basic_altar
D:3:      kennysheep_big_flooded_room, layout_basic,
          chequers_ecumenical_altar_simple, minmay_misc_feat_alley,
          uniq_terence, uniq_jessica
D:4:      layout_rooms, uniq_menkaure, uniq_grinder
D:5:      layout_loops_ring, uniq_prince_ribbit1
D:6:      layout_cave_pods, uniq_maggie, uniq_edmund
D:7:      layout_basic, minmay_temple_entry_enclosed_plants
D:8:      layout_rooms, gammafunk_ghost_grave
D:9:      layout_loops_ring, chei_slow_surprise, hiddenorc2_lemuel,
          enter_bailey_3, minivault_12, uniq_psyche
D:10:     layout_loops_ring, hex_large, uniq_maurice
D:11:     layout_loops_ring, dpeg_oklobed_lair, uniq_nergalle
Temple:   grunt_wide_crystal_templ
Lair:1:   layout_hall_layers, uniq_amaemon
Lair:2:   layout_regular_city, minmay_swamp_entry_swarm,
          minmay_lair_oklob_items, nzn_masters_of_martial_movement,
          lemuel_fruit_tree
Lair:3:   layout_hall_layers, spider_nest_entry_webs, beast_lair_carwin_11,
          infiniplex_staircase_pool
Lair:4:   layout_gridlike, slime_entry_1, gauntlet_entry_generic,
          chequers_serial_rivers_small_3, minmay_hedge_maze,
          cheibrodos_lair_lostbears
Lair:5:   hangedman_lair_in_review, layout_misc_corridors,
          guppyfry_lair_end_dragon, st_stairs_10

Skill      XL: |  1  2  3  4  5  6  7  8  9 10 11 12 13 |
---------------+----------------------------------------+-----
Unarmed Combat | 2 3 4 5 6 7 9 11 13 15 17 18 | 18.8
Evocations     | 1 4 |  4.0
Dodging        | 2 4 7 8 |  8.0
Fighting       | 6 8 |  8.2
Translocations | 1 |  1.1
Transmutations | 3 |  3.6
Stealth        | |  4.5

Action                   |  1- 3 |  4- 6 |  7- 9 | 10-12 | 13-15 || total
-------------------------+-------+-------+-------+-------+-------++-------
Melee: Great sword       |    43 |    17 |       |    14 |       ||    74
       Unarmed           |    95 |   139 |   327 |   811 |   226 ||  1598
       Punch             |     5 |     4 |     3 |       |       ||    12
       Whip              |       |       |    10 |     7 |       ||    17
 Fire: Sling             |     1 |    26 |     3 |       |     1 ||    31
Throw: Boomerang         |       |    19 |    70 |   147 |    32 ||   268
       Dart              |       |       |    43 |    50 |       ||    93
       Throwing net      |       |       |       |     1 |       ||     1
 Cast: Blink             |       |       |       |       |     1 ||     1
Evoke: Wand              |       |       |     9 |    10 |     4 ||    23
       Piece from Xom's  |       |       |       |    12 |       ||    12
       Box of beasts     |       |       |       |       |     2 ||     2
  Use: Potion            |       |       |     4 |     3 |     5 ||    12
       Scroll            |       |       |     2 |    16 |     3 ||    21
 Stab: Sleeping          |    13 |       |     1 |     3 |     3 ||    20
       Invisible         |       |       |       |     3 |       ||     3
       Paralysed         |       |       |       |     4 |       ||     4
       Petrified         |       |       |       |     8 |       ||     8
       Confused          |       |       |       |     4 |       ||     4
       Held in net/web   |       |       |       |     4 |       ||     4
       Distracted        |       |       |       |     2 |     1 ||     3
Armor: Leather armour    |     5 |    13 |       |       |       ||    18
       Ring mail         |    38 |       |       |       |       ||    38
       Chain mail        |       |    37 |    78 |    44 |       ||   159
       Steam dragon scal |       |       |    28 |    19 |       ||    47
       Troll leather arm |       |       |       |    62 |    32 ||    94
Dodge: Dodged            |    84 |    98 |   154 |   379 |   151 ||   866
Block: Buckler           |       |       |    57 |   106 |    30 ||   193
       Rpst.: Unarmed    |       |       |       |    26 |    49 ||    75

Table legend: (Time is in decaauts)
 A = Elapsed time spent in this place.
 B = Non-inter-level travel time spent in this place.
 C = Inter-level travel time spent in this place.
 D = Time resting spent in this place.
 E = Time spent auto-exploring this place.
 F = Levels seen in this place.
 G = Mean time per level.
                   A        B        C        D        E       F      G
               +--------+--------+--------+--------+--------+-----+--------+
         Total |  24182 |  22660 |   1522 |   5218 |   9967 |  19 | 1272.7 |
       Dungeon |  15915 |  14759 |   1156 |   3685 |   6429 |  11 | 1446.8 |
        Temple |      1 |      1 |      0 |      0 |      0 |   1 |    1.0 |
          Lair |   6839 |   6474 |    365 |    889 |   3354 |   5 | 1367.8 |
        Bailey |    929 |    929 |      0 |    546 |      7 |   1 |  929.0 |
      Gauntlet |    496 |    496 |      0 |     95 |    177 |   1 |  496.0 |
               +--------+--------+--------+--------+--------+-----+--------+

Top non-repeatable levels by time:
     D:7: 2306 daAuts
     D:5: 2145 daAuts
     D:9: 1772 daAuts
  Lair:5: 1668 daAuts
    D:10: 1517 daAuts
  Lair:1: 1502 daAuts
     D:6: 1461 daAuts
     D:4: 1340 daAuts
  Lair:3: 1339 daAuts
  Lair:4: 1284 daAuts
    D:11: 1143 daAuts
     D:3: 1135 daAuts
     D:2: 1057 daAuts
  Lair:2: 1044 daAuts
     D:1: 1018 daAuts
